 Dungeon Sprint DCSS version bcrawl-1.20.1 (webtiles) character file.

Game seed: 627256623481061973

72 Freyura the Skirmisher (level 4, -12/39 HPs)
             Began as a Demonspawn Abyssal Knight on Jan 24, 2020.
             Was an Elder of Lugonu.
             Mangled by a cyclops (19 damage)
             ... in the Dungeon (Sprint IX: "|||||||||||||||||||||||||||||").
             The game lasted 00:02:22 (411 turns).

Freyura the Skirmisher (Demonspawn Abyssal Knight)   Turns: 411, Time: 00:02:23

Health: -12/39     AC:  9    Str: 12    XL:     4   Next: 6%
Magic:  7/7        EV: 10    Int: 14    God:    Lugonu [****..]
Gold:   0          SH:  0    Dex: 13    Spells: 3/3 levels left

rFire    . . .     SeeInvis .   p - +2 morningstar (drain)
rCold    . . .     Gourm    .   (no shield)
rNeg     . . .     Faith    .   r - +1 scale mail {rPois}
rPois    +         Spirit   .   j - +0 hat
rElec    .         Reflect  .   (no cloak)
rCorr    .         Harm     .   (no gloves)
MR       .....     NoTele   +   q - +0 pair of boots
Stlth    ..........             (no amulet)
HPRegen  0.13/turn              (no ring)
MPRegen  0.10/turn              (no ring)

@: very slightly contaminated, invisible
A: antennae 1, demonic guardian 1
a: Bend Space, Banish, Corrupt, Renounce Religion


You were in the Dungeon.
You worshipped Lugonu.
Lugonu was greatly pleased with you.
You were not hungry.

You visited 1 branch

Inventory:

Hand Weapons
 p - a +2 morningstar of draining (weapon)
Missiles
 c - 10 tomahawks of dispersal (quivered)
Armour
 j - a +0 hat (worn)
 q - a +0 pair of boots (worn)
 r - a +1 scale mail of poison resistance (worn)
Wands
 o - a wand of iceblast (10)
Scrolls
 k - 2 scrolls of blinking
 m - 3 scrolls of remove curse
 n - 2 scrolls of amnesia
Potions
 f - 5 potions of curing
 g - 3 potions of heal wounds
 h - a potion of haste
 i - 4 potions of magic
Comestibles
 e - a ration {!d}


   Skills:
 + Level 5.3 Fighting
 * Level 4.1 Maces & Flails
 - Level 0.8 Throwing
 + Level 3.3 Armour
 + Level 2.6 Dodging
 + Level 4.4 Invocations


You had 3 spell levels left.
You didn't know any spells.
Your spell library was empty.

Dungeon Overview and Level Annotations

Branches:
Dungeon (1/1)

Altars:
Cheibriados
Dithmenos
Elyvilon
Fedhas
Gozag
Hepliaklqana
Kikubaaqudgha
Lugonu
Makhleb
Nemelex Xobeh
Okawaru
Qazlal
Ru
Sif Muna
Trog
Uskayaw
Vehumet
Wu Jian
Xom
Yredelemnul
Zin
The Shining One
Beogh
Jiyva


Innate Abilities, Weirdness & Mutations

You have a pair of small antennae on your head.
A weak demonic guardian rushes to your aid.


Message History

You have reached level 4!
You feel clever.
The cyclops throws a large rock.
The large rock hits you!!
Ouch! That really hurt!
* * * LOW HITPOINT WARNING * * *
There is an open door to the Dungeon, spattered with blood here.
You see here a +0 hand axe.
You are too injured to fight recklessly!
You are too injured to fight recklessly!
You are too injured to fight recklessly!
You are too injured to fight recklessly!
You are too injured to fight recklessly!
You are too injured to fight recklessly!
You are too injured to fight recklessly!
You are too injured to fight recklessly!
The cyclops closely misses you.
You thump the cyclops!
The cyclops is moderately wounded.
The cyclops hits you!!
You die...

▓)▓
▓.▓
▓[▓
▓.▓
▓=▓
▓.▓
▓)▓
▓5▓
▓@▓
▓C▓
▓u▓
▓z▓
▓9▓
▓+▓


You could see a red ugly thing, a cyclops, a gargoyle, a wight and a friendly
white imp.

Vanquished Creatures
  A crimson imp (D)
  An adder (D)
  A shadow imp (D)
  A leopard gecko (D)
  3 orcs (D)
  A goblin (D)
  A hobgoblin (D)
  A bat (D)
  A rat (D)
11 creatures vanquished.

Vanquished Creatures (others)
  A vampire (D)
1 creature vanquished.

Grand Total: 12 creatures vanquished

Notes
Turn   | Place    | Note
-------+----------+-------------------------------------------
     0 | D        | Freyura the Demonspawn Abyssal Knight began the quest for
                  | the Orb.
     0 | D        | Reached XP level 1. HP: 18/18 MP: 2/2
    12 | D        | Reached ** piety under Lugonu
    18 | D        | Reached skill level 4 in Fighting
   190 | D        | Noticed a crimson imp
   194 | D        | Reached *** piety under Lugonu
   194 | D        | Reached skill level 1 in Dodging
   194 | D        | Gained mutation: You have a pair of small antennae on your
                  | head. [demonic ancestry]
   194 | D        | Reached XP level 2. HP: 25/26 MP: 4/4
   197 | D        | Killed a crimson imp
   197 | D        | Gained mutation: A weak demonic guardian rushes to your
                  | aid. [demonic ancestry]
   197 | D        | Reached XP level 3. HP: 31/32 MP: 5/5
   202 | D        | Reached skill level 5 in Fighting
   215 | D        | Reached **** piety under Lugonu
   215 | D        | Received a gift from Lugonu
   228 | D        | Found a roughly hewn altar of Beogh.
   228 | D        | Found a snail-covered altar of Cheibriados.
   228 | D        | Found a shadowy altar of Dithmenos.
   228 | D        | Found a white marble altar of Elyvilon.
   228 | D        | Found a blossoming altar of Fedhas.
   228 | D        | Found an opulent altar of Gozag.
   229 | D        | Found a hazy altar of Hepliaklqana.
   230 | D        | Found a viscous altar of Jiyva.
   231 | D        | Found an ancient bone altar of Kikubaaqudgha.
   232 | D        | Found a corrupted altar of Lugonu.
   233 | D        | Found a burning altar of Makhleb.
   234 | D        | Found a sparkling altar of Nemelex Xobeh.
   235 | D        | Found an iron altar of Okawaru.
   236 | D        | Found a stormy altar of Qazlal.
   237 | D        | Found a sacrificial altar of Ru.
   238 | D        | Found a shimmering blue altar of Sif Muna.
   239 | D        | Found a bloodstained altar of Trog.
   240 | D        | Found a hide-covered altar of Uskayaw.
   241 | D        | Found a radiant altar of Vehumet.
   242 | D        | Found an ornate altar of the Wu Jian Council.
   243 | D        | Found a shimmering altar of Xom.
   244 | D        | Found a basalt altar of Yredelemnul.
   245 | D        | Found a glowing silver altar of Zin.
   246 | D        | Found a glowing golden altar of the Shining One.
   403 | D        | Noticed a vampire
   403 | D        | Noticed a cyclops
   403 | D        | Noticed a gargoyle
   403 | D        | Noticed a red ugly thing
   407 | D        | Killed a vampire
   407 | D        | Reached XP level 4. HP: 30/39 MP: 7/7
   411 | D        | Mangled by a cyclops

Skill      XL: |  1  2  3 |
---------------+----------+-----
Fighting       | 4 5 |  5.3
Armour         | 2 3 |  3.3
Maces & Flails | 2 3 4 |  4.1
Dodging        | 1 2 |  2.6
Invocations    | 3 4 |  4.4
Throwing       | |  0.8

Action                   |  1- 3 |  4- 6 || total
-------------------------+-------+-------++-------
Melee: Mace              |    40 |       ||    40
       Morningstar       |     3 |     1 ||     4
  Use: Potion            |     2 |       ||     2
 Stab: Invisible         |     1 |       ||     1
Armor: Leather armour    |     9 |       ||     9
       Scale mail        |     2 |       ||     2
Dodge: Dodged            |    23 |     1 ||    24
